Match 47408892
Unlisted

Match 47408892
End
Pioneer Squad
Construct Infanterie Kompanie
Grenadier Squad
Selects Breakthrough Battlegroup
Pioneer Squad
MG 42 Machine Gun Team
Selects Assault Grenadiers
Construct Luftwaffe Kompanie
Construct Luftwaffe Kompanie
Medical Station
Selects Breakthrough
Breakthrough
Jäger Squad
Flak 30 Anti-aircraft Gun Team
Breakthrough
Support Elements
Jäger Squad
Marder III M Tank Destroyer
Selects Rapid Production
Wirbelwind Flakpanzer
Pioneer Squad
Luftwaffe Officer Quarters
Breakthrough
Marder III M Tank Destroyer
Jäger Squad
Selects Incendiary Bombing Run
Breakthrough
Marder III M Tank Destroyer
Selects Blitzkrieg
Selects Panzer IV Command Tank Sd.Kfz. 161/1
♠♣ Kvothe ♠♣
天海默默无声
0
0

Comments sign in to comment!

No comments posted yet!